 Dungeon Sprint DCSS version 0.30-a0-371-gad7725a93e (webtiles) character file.

Game seed: 12457462867662672866

7536 garrulousMonolith the Ninja (level 10, 0/63 HPs)
             Began as a Spriggan Enchanter on Nov 21, 2022.
             Was an Initiate of Gozag.
             Slain by a hog (11 damage)
             ... in the Dungeon (Sprint I: "Red Sonja").
             The game lasted 00:09:27 (1866 turns).

garrulousMonolith the Ninja (Spriggan Enchanter)    Turns: 1866, Time: 00:09:28

Health: 0/63       AC:  3    Str:  4    XL:     10   Next: 96%
Magic:  1/18       EV: 21    Int: 21    God:    Gozag
Gold:   1221       SH:  0    Dex: 22    Spells: 11/19 levels left

rFire   . . .      SeeInvis +    u - +2 dagger (elec)
rCold   . . .      Faith    .    (no shield)
rNeg    . . .      Spirit   .    b - +0 robe
rPois   .          Reflect  .    (helmet restricted)
rElec   .          Harm     .    w - +0 cloak
rCorr   .          Rampage  .    (gloves unavailable)
Will    +....      NoTele   +    (boots unavailable)
Stlth   ++++++++++               (no amulet)
HPRegen 0.30/turn                r - +6 ring of dexterity
MPRegen 0.16/turn                (no ring)

@: gold aura, very quick
A: very small, no large weapons, unfitting armour, see invisible, speed 3
a: Renounce Religion, Potion Petition, Call Merchant, Bribe Branch


You were in the Dungeon.
You worshipped Gozag.
Gozag was most pleased with you.
You visited 1 branch You collected 3189 gold pieces.
You spent 1208 gold pieces at shops.
You paid 760 gold pieces to Gozag.

Inventory:

Hand Weapons
 j - a +2 dagger of speed
 k - a +3 dagger
 u - a +2 dagger of electrocution (weapon)
 v - a +2 dagger of draining
Missiles
 m - 3 curare-tipped darts (quivered)
Armour
 b - a +0 robe (worn)
 w - a +0 cloak (worn)
Jewellery
 r - a +6 ring of dexterity (left hand)
 t - a ring of protection from fire
Wands
 h - a wand of flame (3)
 q - a wand of mindburst (3)
Scrolls
 a - 2 scrolls of identify {unknown}
 e - a scroll of fog {unknown}
 i - a scroll of blinking
 l - a scroll of enchant armour {unknown}
 o - a scroll of amnesia {unknown}
Potions
 c - a potion of invisibility
 d - a potion of curing
 f - a potion of haste
 g - 2 potions of magic
 n - 2 potions of degeneration {unknown}
 p - a potion of might {unknown}
 s - a potion of cancellation


   Skills:
 + Level 12.6 Fighting
 - Level 10.0 Short Blades
 + Level 5.5 Dodging
 O Level 27 Stealth
 + Level 5.2 Spellcasting
 * Level 7.5 Hexes
 + Level 2.9 Ice Magic


You had 11 spell levels left.
You knew the following spells:

 Your Spells              Type           Power      Damage    Failure   Level
a - Ensorcelled Hibernat  Hex/Ice        54%        N/A       1%          2
b - Confusing Touch       Hex            36%        N/A       1%          3
c - Dazzling Flash        Conj/Hex       42%        N/A       7%          3

Your spell library contained the following spells:

 Spells                   Type           Power      Damage    Failure   Level
 Tukima's Dance           Hex            36%        N/A       1%          3
 Apportation              Tloc           10%        N/A       11%         1
 Passwall                 Tmut/Erth      4%         N/A       16%         2
 Swiftness                Air            5%         N/A       32%         3
 Alistair's Intoxication  Tmut/Pois      3%         N/A       96%         5


Dungeon Overview and Level Annotations

Branches:
Dungeon (1/1)

Altars:
Cheibriados
Dithmenos
Elyvilon
Fedhas
Gozag
Hepliaklqana
Kikubaaqudgha
Makhleb
Nemelex Xobeh
Okawaru
Qazlal
Ru
Sif Muna
Trog
Uskayaw
Vehumet
Wu Jian
Xom
Yredelemnul
Zin
The Shining One
Jiyva
Lugonu

Shops:
D ?(??((=*:*:(!(=[[

Annotations:
D exclusion: 4 doors


Innate Abilities, Weirdness & Mutations

You are very small and have problems with some larger weapons.
You are too small for most types of armour.
You have supernaturally acute eyesight. (SInv)
You cover ground extremely quickly. (Speed+++)


Message History

Aim: a hog (purple smoke, chance to affect: 56%)
The hog looks drowsy...
The helpless hog fails to defend itself.
You spit the hog like the proverbial pig!!!!!
You kill the hog!
Your Spellcasting skill increases to level 5!
Casting: Ensorcelled Hibernation (safe; 1% risk of failure)
Confirm with . or Enter, or press ? or * to list all spells.
Aiming: Ensorcelled Hibernation (safe; 1% risk of failure)
Press: ? - help, Shift-Dir - straight line, f - hog
Aim: a hog (chance to affect: 57%)
The hog resists with significant effort.
The hog misses you.
Casting: Ensorcelled Hibernation (safe; 1% risk of failure)
Confirm with . or Enter, or press ? or * to list all spells.
Aiming: Ensorcelled Hibernation (safe; 1% risk of failure)
Press: ? - help, Shift-Dir - straight line, f/p - hog
Aim: a hog (purple smoke, chance to affect: 57%)
The hog resists with significant effort.
The hog closely misses you. The hog bites you.
* * * LOW HITPOINT WARNING * * *
Casting: Ensorcelled Hibernation (safe; 1% risk of failure)
Confirm with . or Enter, or press ? or * to list all spells.
Aiming: Ensorcelled Hibernation (safe; 1% risk of failure)
Press: ? - help, Shift-Dir - straight line, f/p - hog
Aim: a hog (chance to affect: 57%)
The hog looks drowsy...
The helpless hog fails to defend itself.
You spit the hog like the proverbial pig!!!!!
Lightning courses through the hog!
You kill the hog!
Casting: Ensorcelled Hibernation (safe; 1% risk of failure)
Confirm with . or Enter, or press ? or * to list all spells.
Aiming: Ensorcelled Hibernation (safe; 1% risk of failure)
Press: ? - help, Shift-Dir - straight line, f - hog
Aim: a hog (purple smoke, chance to affect: 58%)
The hog resists with significant effort.
The hog bites you!
You die...
Your body crumbles into a pile of gold.

########################
__#..'...#)§#§§§@hhh§..§
$ $$
..'))#...##+#§####h§§§h#
$ $$ __####...'§.#§#
#...## $$
###..#####§.+.# $ ##+#
$$ §§~§)#.§##+#### $ $$$
$ ~~~§.§§§#°°° $ $
~~~§§#..#°.°° $$$ $
#'#####'###○°° $
).).###.'.#...# $


You could see 3 hogs.

Vanquished Creatures
  2 centaur warriors (D)
  Sonja (D)
  A deep troll (D)
  An oklob plant (D)
  A gargoyle (D)
  2 unseen horrors (D)
  2 kobold demonologists (D)
  2 demonic crawlers (D)
  A hornet (D)
  A slime creature (D)
  Sigmund (D)
  A yak (D)
  8 hogs (D)
  2 redbacks (D)
  2 floating eyes (D)
  An ogre (D)
  7 necrophages (D)
  8 jellies (D)
  Ijyb (D)
  A ballistomycete spore (D)
46 creatures vanquished.

Vanquished Creatures (others)
  A lindwurm (D)
  A ballistomycete spore (D)
2 creatures vanquished.

Grand Total: 48 creatures vanquished

Notes
Turn   | Place    | Note
-------+----------+-------------------------------------------
     0 | D        | garrulousMonolith the Spriggan Enchanter began the quest
                  | for the Orb.
     0 | D        | Reached XP level 1. HP: 9/9 MP: 5/5
     2 | D        | Noticed Ijyb
     9 | D        | Killed Ijyb
    10 | D        | Reached skill level 10 in Stealth
    10 | D        | Reached XP level 2. HP: 13/13 MP: 6/6
   162 | D        | Learned a level 2 spell: Ensorcelled Hibernation
   163 | D        | Noticed an ogre
   165 | D        | Killed an ogre
   166 | D        | Reached skill level 14 in Stealth
   166 | D        | Reached XP level 3. HP: 16/16 MP: 8/8
   166 | D        | Reached XP level 4. HP: 21/21 MP: 9/9
   170 | D        | Learned a level 3 spell: Confusing Touch
   180 | D        | Noticed Sigmund
   182 | D        | Killed Sigmund
   183 | D        | Reached skill level 19 in Stealth
   183 | D        | Reached XP level 5. HP: 24/24 MP: 10/10
   183 | D        | Reached XP level 6. HP: 28/28 MP: 11/11
   194 | D        | Found a shimmering blue altar of Sif Muna.
   195 | D        | Found an ornate altar of the Wu Jian Council.
   196 | D        | Found a radiant altar of Vehumet.
   224 | D        | Found Irhanorch's Antique Weapon Emporium.
   224 | D        | Found an ancient bone altar of Kikubaaqudgha.
   224 | D        | Found a hazy altar of Hepliaklqana.
   224 | D        | Found a stormy altar of Qazlal.
   224 | D        | Found a hide-covered altar of Uskayaw.
   224 | D        | Found a blossoming altar of Fedhas.
   224 | D        | Found a bloodstained altar of Trog.
   224 | D        | Found an iron altar of Okawaru.
   224 | D        | Found a basalt altar of Yredelemnul.
   224 | D        | Found a glowing golden altar of the Shining One.
   224 | D        | Found a snail-covered altar of Cheibriados.
   224 | D        | Found a sacrificial altar of Ru.
   224 | D        | Found a glowing silver altar of Zin.
   224 | D        | Found a shadowy altar of Dithmenos.
   224 | D        | Found a white marble altar of Elyvilon.
   224 | D        | Noticed a yak
   225 | D        | Found an opulent altar of Gozag.
   226 | D        | Killed a yak
   227 | D        | Reached skill level 21 in Stealth
   227 | D        | Found a sparkling altar of Nemelex Xobeh.
   230 | D        | Became a worshipper of Gozag Ym Sagoz the Greedy
   233 | D        | Bought a glowing dagger for 75 gold pieces
   258 | D        | Found a burning altar of Makhleb.
   258 | D        | Found a viscous altar of Jiyva.
   258 | D        | Found a shimmering altar of Xom.
   258 | D        | Found a corrupted altar of Lugonu.
   258 | D        | Noticed a slime creature
   261 | D        | Killed a slime creature
   262 | D        | Reached skill level 23 in Stealth
   262 | D        | Reached XP level 7. HP: 32/32 MP: 12/12
   284 | D        | Noticed Sonja
   287 | D        | Killed Sonja
   288 | D        | Reached skill level 26 in Stealth
   288 | D        | Reached XP level 8. HP: 36/36 MP: 8/13
   332 | D        | Found Doogguic's Magic Scroll Boutique.
   352 | D        | Noticed a deep troll
   356 | D        | Killed a deep troll
   357 | D        | Reached skill level 27 in Stealth
   357 | D        | Reached skill level 5 in Short Blades
   367 | D        | Found Ysiummu's Armour Emporium.
   519 | D        | Noticed a kobold demonologist
   520 | D        | Noticed a kobold demonologist
   526 | D        | Noticed an orange demon
   537 | D        | Noticed a rust devil
   542 | D        | Noticed a smoke demon
   544 | D        | Noticed an orange demon
   551 | D        | Killed a kobold demonologist
   552 | D        | Reached XP level 9. HP: 22/45 MP: 3/14
   553 | D        | Killed a kobold demonologist
   559 | D        | Noticed a demonic crawler
   559 | D        | Noticed a demonic crawler
   559 | D        | Noticed a demonic crawler
   559 | D        | Noticed a demonic crawler
   665 | D        | Learned a level 3 spell: Dazzling Flash
   685 | D        | Noticed a centaur warrior
   685 | D        | Noticed a centaur warrior
   688 | D        | Killed a centaur warrior
   689 | D        | Reached skill level 10 in Short Blades
   690 | D        | Killed a centaur warrior
   717 | D        | Noticed an oklob plant
   727 | D        | Killed an oklob plant
   728 | D        | Reached XP level 10. HP: 9/59 MP: 11/15
   742 | D        | Killed a lindwurm
  1006 | D        | Reached skill level 10 in Fighting
  1448 | D        | Found Kepseblo's Magic Scroll Shoppe.
  1448 | D        | Found Geonops's Magic Scroll Shop.
  1448 | D        | Found Nutrong's Antique Weapon Boutique.
  1450 | D        | Found Wemiwk's Antique Weapon Emporium.
  1450 | D        | Found Sublupin's Jewellery Shop.
  1450 | D        | Found Qefyl's General Store.
  1450 | D        | Found Ugeqoxyxo's Book Boutique.
  1450 | D        | Found Xuzul's Assorted Antiques.
  1450 | D        | Found Rumoe's Book Shop.
  1450 | D        | Found Ferown's Weapon Shoppe.
  1452 | D        | Bought a scroll of blinking for 97 gold pieces
  1454 | D        | Found Hurav's Distillery.
  1455 | D        | Found Icepukun's Jewellery Emporium.
  1455 | D        | Found Ipyqecku's Antique Weapon Boutique.
  1456 | D        | Found Vuote's Armour Emporium.
  1458 | D        | Bought a book of Party Tricks for 160 gold pieces
  1460 | D        | Bought a book of Burglary for 200 gold pieces
  1462 | D        | Bought a potion of cancellation for 80 gold pieces
  1463 | D        | Bought a ring of protection from fire for 275 gold pieces
  1464 | D        | Bought a glowing dagger for 100 gold pieces
  1464 | D        | Bought a runed dagger for 100 gold pieces
  1471 | D        | Bought a cloak for 121 gold pieces
  1487 | D        | Noticed a gargoyle
  1494 | D        | Killed a gargoyle
  1543 | D        | Reached skill level 5 in Hexes
  1543 | D        | Reached skill level 1 in Ice Magic
  1849 | D        | Reached skill level 5 in Dodging
  1862 | D        | Reached skill level 5 in Spellcasting
  1866 | D        | Slain by a hog

Illustrated notes

Levels and vault maps discovered:
D:        dungeon_sprint_1 [red_sonja_temple_1, red_sonja_temple_small_1]

Skill      XL: |  1  2  3  4  5  6  7  8  9 10 |
---------------+-------------------------------+-----
Stealth        | 10 14 19 23 26 27 | 27.0
Fighting       | 3 9 12 | 12.6
Short Blades   | 7 10 | 10.0
Dodging        | 5 |  5.5
Spellcasting   | 5 |  5.2
Hexes          | 7 |  7.5
Ice Magic      | 2 |  2.9

Action                   |  1- 3 |  4- 6 |  7- 9 | 10-12 || total
-------------------------+-------+-------+-------+-------++-------
Melee: Dagger            |     7 |     4 |    31 |   133 ||   175
       Punch             |     1 |       |       |     3 ||     4
 Cast: Ensorcelled Hiber |       |       |     7 |     6 ||    13
       Confusing Touch   |       |       |     1 |    11 ||    12
       Dazzling Flash    |       |       |       |     2 ||     2
Invok: Potion Petition   |       |       |     1 |     1 ||     2
  Use: Potion            |     1 |       |     4 |     1 ||     6
       Scroll            |       |       |       |     1 ||     1
 Stab: Sleeping          |     1 |     4 |     7 |    16 ||    28
       Invisible         |       |       |     5 |     5 ||    10
       Confused          |       |       |     1 |     9 ||    10
Armor: Robe              |       |       |     2 |     5 ||     7
Dodge: Dodged            |     4 |       |    12 |    69 ||    85

Table legend: (Time is in decaauts)
 A = Elapsed time spent in this place.
 B = Non-inter-level travel time spent in this place.
 C = Inter-level travel time spent in this place.
 D = Time resting spent in this place.
 E = Time spent auto-exploring this place.
 F = Levels seen in this place.
 G = Mean time per level.
                   A        B        C        D        E       F      G
               +--------+--------+--------+--------+--------+-----+--------+
         Total |   1575 |   1572 |      3 |   1001 |      0 |   1 | 1575.0 |
       Dungeon |   1575 |   1572 |      3 |   1001 |      0 |   1 | 1575.0 |
               +--------+--------+--------+--------+--------+-----+--------+

Top non-repeatable levels by time:
       D: 1575 daAuts
